AoeStats
← BunkeroXcomm

Arabia

510967721Analyzed
1v1 RM · 14h ago on Oct 3, 2026· 54m 39s· 2 players
Game mode
Random Map
Map size
Tiny (2 player)
Population
200
Speed
Normal
Resources
Standard
Victory
Conquest
Starting age
Dark Age
Ending age
Imperial Age
RankedLock teamsTeams togetherTeam positionsShared explorationLock speedFull tech treeHidden civsTurbo modeCheats
Victory
Defeat
🇫🇮 Cumans · Finland
1164
+16
🇨🇴 Mongols · Colombia
1165
-16
Lollberg
6:30 Loom
9:12 Feudal Age
10:20 Double-Bit Axe
17:38 Fletching
22:31 Scale Barding Armor
27:53 Castle Age
32:51 Pikeman
37:26 Imperial Age
36:44 Bodkin Arrow
38:12 Bloodlines
38:41 Padded Archer Armor
40:35 Ballistics
41:16 Chemistry
40:45 Forging
40:56 Chain Barding Armor
40:34 Elite Skirmisher
41:33 Leather Archer Armor
46:58 Plate Barding Armor
48:15 Elite Steppe Lancer
48:54 Cavalier
49:09 Cavalier
51:30 Paladin
BunkeroXcomm
6:40 Loom
9:41 Feudal Age
10:09 Double-Bit Axe
10:09 Horse Collar
15:13 Fletching
25:08 Castle Age
25:18 Bloodlines
25:56 Scale Barding Armor
26:17 Bodkin Arrow
32:11 Forging
33:38 Chain Barding Armor
34:22 Wheelbarrow
34:29 Padded Archer Armor
41:10 Light Cavalry
41:50 Husbandry
45:51 Imperial Age
45:47 Ballistics
47:46 Conscription
55:26 Iron Casting
Connection lost

Rejoining the realm…

Still unreachable

The connection could not be restored.

Session expired

The server has moved on; the page needs a fresh start.